Map: Ruins of Endion

Players

Drunkenboi - Winner!

  • Race: Terran Terran
  • League: Grandmaster

Pokebunny

  • Race: Terran Terran
  • League: Grandmaster

VOD

Have the link to the VOD?

Description

Time

  • Played on: April 5, 2016, 1:26 a.m.
  • Length: 11:59
Show
View Real Time Build Order
Export as new Build Order

Drunkenboi Terran - Winner!

Build Orders: Reaper Expand, Bio Tank 

Get SALT Encoding   

  12  0:01  SCV  
  13  0:13  SCV  
  14  0:18  Supply Depot  
  14  0:25  SCV  
  15  0:40  SCV  
  15  0:41  Barracks  
  16  0:44  Refinery  
  16  0:52  SCV  
  17  1:04  SCV  
  18  1:16  SCV  
  19  1:28  Reaper  
  19  1:29  Orbital Command  
  20  1:45  Command Center  
  20  1:54  Supply Depot  
  20  1:55  SCV  
  20  2:00  Marine  
  22  2:07  SCV  
  23  2:18  Marine  
  23  2:23  SCV  
  23  2:25  Factory  
  24  2:30  Refinery  
  24  2:35  SCV  
  24  2:36  Marine  
  24  2:47  SCV  
  24  2:54  Marine  
  25  2:59  SCV  
  26  3:09  Widow Mine  
  26  3:11  Starport, SCV  
  29  3:13  Barracks Reactor  
  29  3:17  Supply Depot  
  29  3:24  Orbital Command, SCV  
  30  3:33  Supply Depot  
  30  3:36  SCV  
  30  3:41  Factory Tech Lab  
  30  3:47  Viking  
  30  3:48  SCV  
  33  3:50  SCV  
  33  3:51  Marine  
  33  3:52  Marine  
  36  4:00  SCV  
  36  4:02  Siege Tank, SCV  
  41  4:09  Marine  
  42  4:10  Marine  
  42  4:12  SCV  
  42  4:14  SCV  
  45  4:17  Viking  
  47  4:24  SCV  
  47  4:26  SCV  
  47  4:30  Barracks  
  49  4:36  SCV  
  49  4:38  SCV  
  48  4:43  Barracks, Siege Tank  
  51  4:48  SCV  
  51  4:50  Barracks Tech Lab, SCV  
  53  4:56  Refinery  
  53  4:57  Refinery  
  53  4:58  Supply Depot  
  53  4:59  Supply Depot  
  53  5:00  SCV  
  53  5:02  SCV  
  53  5:04  Medivac  
  55  5:07  Medivac  
  55  5:12  SCV  
  58  5:14  SCV  
  58  5:16  Marine  
  60  5:21  Stimpack  
  60  5:25  SCV  
  60  5:26  SCV  
  62  5:31  Barracks Reactor  
  62  5:32  Barracks Reactor  
  62  5:34  Marine  
  63  5:37  SCV  
  63  5:38  SCV  
  64  5:44  Siege Tank  
  64  5:49  SCV  
  68  5:51  SCV  
  68  5:54  Barracks  
  68  5:55  Barracks  
  69  5:59  Marine  
  69  6:01  SCV  
  69  6:03  SCV  
  72  6:10  Engineering Bay  
  72  6:16  Marine x2  
  72  6:17  Marine x2  
  74  6:21  Siege Tank  
  74  6:28  Marine  
  70  6:34  Marine  
  70  6:35  Engineering Bay, Marine x2  
  70  6:40  Marine  
  70  6:45  Marine  
  70  6:52  Marine x2  
  70  6:53  Marine  
  69  6:58  Marine  
  70  7:03  Terran Infantry Weapons Level 1  
  66  7:26  Combat Shields  
  63  7:35  Marine x3, Siege Tank, Supply Depot x2  
  63  7:36  Barracks Reactor x2  
  69  7:38  Marine  
  70  7:48  Refinery  
  70  7:56  Marine x3, Medivac x2, SCV x2  
  70  7:57  Barracks Reactor  
  79  8:07  Siege Tank  
  79  8:08  SCV x2  
  79  8:12  Supply Depot  
  84  8:13  Supply Depot  
  84  8:14  Supply Depot, Marine  
  84  8:15  Marine  
  86  8:30  Supply Depot  
  86  8:31  Marine x5, SCV x2  
  93  8:36  Marine  
  94  8:41  Siege Tank  
  94  8:42  Marine x2  
  99  8:48  Medivac  
  99  8:51  Medivac  
  103  8:55  Marine  
  103  8:56  Marine  
  103  9:01  Terran Infantry Armor Level 1  
  105  9:03  SCV  
  105  9:07  Marine x2  
  105  9:08  SCV  
  109  9:15  Marine, SCV  
  109  9:16  Marine  
  112  9:20  SCV  
  112  9:21  Marine  
  112  9:22  Marine  
  115  9:24  Marine  
  115  9:28  Marine  
  117  9:34  Marine  
  117  9:36  Marine  
  117  9:37  Marine  
  120  9:42  Marine x2  
  120  9:44  Medivac x2  
  126  9:57  Supply Depot  
  126  9:58  Supply Depot  
  126  10:17  Medivac  
  126  10:19  Marine x9, Medivac  
  127  10:37  Marine x9  
  124  10:44  Siege Tank  
  124  10:47  Medivac  
  123  10:54  Marine x6  
  128  10:57  Marine x2  
  128  10:58  Marine  
  109  11:12  Marine x5  
  109  11:13  Marine  
  109  11:15  Marine x2  
  109  11:16  Marine  
  110  11:30  Marine x5  
  115  11:33  Marine  
  115  11:38  Marine  
Show
View Real Time Build Order
Export as new Build Order

Pokebunny Terran 

Build Orders: Reaper Expand, Bio Tank 

Get SALT Encoding   

  12  0:01  SCV  
  13  0:13  SCV  
  14  0:18  Supply Depot  
  14  0:25  SCV  
  15  0:39  SCV  
  15  0:40  Barracks  
  16  0:46  Refinery  
  16  0:52  SCV  
  17  1:04  SCV  
  18  1:16  SCV  
  19  1:28  Orbital Command  
  19  1:29  Reaper  
  20  1:42  Command Center  
  20  1:55  SCV  
  20  2:00  Supply Depot  
  21  2:01  Marine  
  22  2:09  Factory  
  22  2:11  SCV  
  23  2:17  Refinery  
  23  2:22  Marine  
  24  2:24  SCV  
  25  2:36  SCV  
  25  2:41  Marine  
  25  2:50  SCV  
  26  2:56  Hellion  
  27  2:59  Starport  
  27  3:01  Marine  
  27  3:04  SCV  
  29  3:17  SCV  
  30  3:21  Barracks Reactor  
  30  3:23  Barracks Tech Lab  
  30  3:29  SCV  
  30  3:30  Widow Mine  
  30  3:31  Orbital Command  
  32  3:37  Medivac  
  32  3:41  Marine  
  34  3:42  SCV, Stimpack  
  36  3:53  Barracks  
  36  3:54  Barracks, Supply Depot  
  36  3:59  Marine, SCV x2  
  36  4:00  Factory Tech Lab  
  39  4:10  Refinery  
  39  4:16  Marine  
  39  4:19  Siege Tank, Starport Reactor, SCV  
  39  4:20  SCV  
  45  4:27  Supply Depot  
  45  4:37  Marine  
  38  4:39  Barracks Reactor, SCV x2  
  38  4:41  Barracks Reactor  
  40  4:51  SCV x2  
  42  4:59  Siege Tank  
  45  5:03  SCV x2  
  45  5:06  Marine  
  48  5:08  Medivac  
  48  5:10  Supply Depot  
  50  5:15  SCV x2  
  50  5:16  Marine  
  50  5:17  Marine x3  
  50  5:19  Medivac  
  58  5:24  Marine  
  59  5:33  Command Center  
  59  5:36  Marine x3  
  59  5:37  Marine  
  59  5:39  SCV  
  59  5:40  SCV  
  65  5:44  Combat Shields  
  65  5:49  Siege Tank  
  68  5:57  Marine x2  
  68  5:59  Marine x2  
  68  6:03  Supply Depot  
  70  6:05  Supply Depot  
  70  6:09  Marine  
  70  6:24  Marine x3  
  70  6:25  Siege Tank  
  76  6:34  Marine x2  
  76  6:38  Supply Depot  
  76  6:39  Barracks  
  75  6:40  Barracks, Engineering Bay  
  72  6:51  Marine x3  
  72  6:52  Marine  
  74  6:54  Orbital Command  
  66  7:02  Siege Tank, Medivac x2  
  66  7:05  SCV  
  66  7:06  SCV  
  75  7:11  Refinery  
  75  7:16  Marine x3  
  75  7:18  Marine  
  77  7:31  SCV x2  
  77  7:34  Orbital Command  
  79  7:37  Marine x2  
  79  7:38  Siege Tank, Marine x3  
  79  7:40  Barracks Reactor x2  
  87  7:45  Medivac  
  87  7:47  Terran Infantry Weapons Level 1  
  89  7:57  Missile Turret  
  89  7:58  Missile Turret  
  89  8:03  Missile Turret  
  89  8:08  SCV x3  
  90  8:22  Medivac x2  
  88  8:28  Siege Tank  
  91  8:35  Marine x6  
  96  8:42  SCV x3  
  99  8:50  Armory, Engineering Bay  
  99  9:00  Siege Tank  
  99  9:01  Supply Depot  
  102  9:09  SCV x3  
  102  9:12  Medivac x2  
  102  9:17  Supply Depot x2  
  106  9:18  Terran Infantry Armor Level 1  
  106  9:27  Marine  
  106  9:28  Marine x3  
  106  9:29  Marine x3  
  113  9:32  Siege Tank  
  115  9:42  Medivac x2  
  115  9:44  Supply Depot  
  119  9:49  Missile Turret  
  119  9:51  Missile Turret  
  119  9:56  Terran Vehicle Weapons Level 1  
  119  9:57  SCV x2  
  119  9:58  Refinery, Marine x4, SCV  
  126  10:06  Missile Turret x2  
  126  10:09  Missile Turret  
  126  10:10  Marine  
  126  10:11  Marine x2  
  120  10:30  Marine  
  120  10:31  Marine x4  
  104  10:44  Marine  
  104  10:46  Medivac x2  
  109  10:53  Refinery  
  95  11:02  Marine  
  78  11:08  Marine x8  
  78  11:09  Siege Tank  
  77  11:19  Marine  
  78  11:25  Command Center  
  78  11:29  Marine  
  78  11:30  Marine x4  
Tags
 
Add a new tag
Caveats
  • Supply blocks, unpowered buildings, or Contaminate may cause inaccurate times.
  • Supply counts are checked every 10 seconds.